 Dungeon Crawl Stone Soup version 0.27.1-3-gb3d3a73c9e (webtiles) character file.

Game seed: 4569022497401500831

14 Eitelfritz the Covered (level 2, -1/28 HPs)
             Began as a Deep Dwarf Fighter on Oct 29, 2021.
             Slain by Terence (7 damage)
             ... on level 2 of the Dungeon.
             The game lasted 00:00:40 (167 turns).

Eitelfritz the Covered (Deep Dwarf Fighter)          Turns: 167, Time: 00:00:41

Health: -1/28      AC:  6    Str: 19    XL:     2   Next: 31%
Magic:  2/2        EV:  7    Int:  8    God:
Gold:   9          SH:  9    Dex: 12    Spells: 1/1 levels left

rFire    . . .     SeeInvis .   a - +0 war axe
rCold    . . .     Faith    .   c - +0 kite shield
rNeg     . . .     Spirit   .   b - +0 scale mail
rPois    .         Reflect  .   (no helmet)
rElec    .         Harm     .   (no cloak)
rCorr    .         Rampage  .   (no gloves)
Will     .....                  (no boots)
Stlth    ..........             (no amulet)
HPRegen  0.00/turn              (no ring)
MPRegen  0.08/turn              (no ring)

@: no status effects
A: damage resistance, heal wounds, sense surroundings 1, no regeneration
a: Heal Wounds


You were on level 2 of the Dungeon.
You visited 1 branch of the dungeon, and saw 2 of its levels.

You collected 9 gold pieces.

Inventory:

Hand Weapons
 a - a +0 war axe (weapon)
Armour
 b - a +0 scale mail (worn)
 c - a +0 kite shield (worn)
Scrolls
 e - a scroll of teleportation {unknown}
Potions
 d - a potion of might


   Skills:
 + Level 3.0 Fighting
 + Level 2.5 Axes
 + Level 3.4 Armour
 + Level 3.4 Shields


You had one spell level left.
You didn't know any spells.
Your spell library was empty.

Dungeon Overview and Level Annotations

Branches:
Dungeon (2/15)

Altars:

Shops:
D:2 !

Annotations:
D:2 Terence


Innate Abilities, Weirdness & Mutations

You are resistant to damage.
You can heal yourself by infusing magical energy.
You passively map a small area around you.
You do not regenerate.


Message History

The quokka bites you. You block the quokka's attack.
You closely miss the quokka. The quokka bites you.
The quokka closely misses you.
You slash the quokka!
You kill the quokka!
You see here a quokka corpse.
There is a stone staircase leading down here.
You climb downwards.
There is a stone staircase leading up here.
Found Dipi's Distillery.
There is an entrance to Dipi's Distillery here.
A quokka comes into view.
There is an entrance to Dipi's Distillery here.
The quokka completely misses you.
You hit the quokka but do no damage. The quokka completely misses you.
The quokka bites you but does no damage.
You closely miss the quokka. The quokka barely misses you.
The quokka bites you but does no damage.
You miss the quokka. You block the quokka's attack.
The quokka bites you but does no damage.
You hit the quokka.
The quokka is severely wounded.
You block the quokka's attack. The quokka barely misses you.
You hit the quokka.
You kill the quokka!
Your Fighting skill increases to level 3!
You see here a quokka corpse.
Terence the Incautious comes into view.
He is wielding a +0 trident and wearing a +1 scale mail of fire resistance.
Terence hits you but does no damage. You block Terence's attack.
You hit Terence.
Terence is moderately wounded.
Terence shouts, "ATTACK!!!"
Terence hits you with a +0 trident!
* * * LOW HITPOINT WARNING * * *
Terence hits you but does no damage.
You barely miss Terence.
Terence is moderately wounded.
Terence hits you with a +0 trident!
You die...

#.##.#
#..............
##.##.#
##.##.##.######
...##.#
##.#.#..#
#####.#
##...#.# # #.#
##....# # #.#
#..#.# # #.#
*######..#.# #,
, ........#.# #
*, #######@#.#
. #@#.# ^ #.#.#
#.#.# #.#,
#.#,* * , ..# ,
* ** * #.# , ,


You could see Terence.

Vanquished Creatures
  2 goblins (D:1)
  3 hobgoblins (D:1)
  A kobold (D:1)
  2 quokkas
  A frilled lizard (D:1)
  4 rats (D:1)
13 creatures vanquished.

Notes
Turn   | Place    | Note
-------+----------+-------------------------------------------
     0 | D:1      | Eitelfritz the Deep Dwarf Fighter began the quest for the
                  | Orb.
     0 | D:1      | Reached XP level 1. HP: 20/20 MP: 1/1
    83 | D:1      | Reached XP level 2. HP: 22/27 MP: 2/2
   134 | D:2      | Found Dipi's Distillery.
   161 | D:2      | Noticed Terence
   167 | D:2      | Slain by Terence

Illustrated notes

Levels and vault maps discovered:
D:1:      tarquinn_simple_flora_water_a, layout_basic, amethyst_killhole
D:2:      layout_loops_ring, serial_shops, nicolae_shop_crystal, uniq_terence,
          uniq_robin

Skill      XL: |  1  2 |
---------------+-------+-----
Fighting       | 3 |  3.0
Axes           | |  2.5
Armour         | |  3.4
Shields        | |  3.4

Action                   || total
-------------------------++-------
Melee: War axe           ||    30
Armor: Scale mail        ||    12
Dodge: Dodged            ||    15
Block: Kite shield       ||    20
